 Dungeon Crawl Stone Soup version 0.22-a0-348-gd16d139 (webtiles) character file.

626 Amnesiac the Digger (level 7, 0/32 HPs)
             Began as a Spriggan Earth Elementalist on Apr 7, 2018.
             Slain by an orc
             ... wielding a cursed +0 hand axe
              (3 damage)
             ... on level 8 of the Dungeon.
             The game lasted 00:03:41 (2186 turns).

Amnesiac the Digger (Spriggan Earth Elementalist)   Turns: 2186, Time: 00:03:41

Health: 0/32       AC:  2    Str:  4    XL:     7   Next: 23%
Magic:  17/17      EV: 18    Int: 21    God:
Gold:   162        SH:  0    Dex: 16    Spells: 6/18 levels left

rFire    . . .     SeeInvis +   l - +1 dagger (venom)
rCold    . . .     Gourm    .   (shield restricted)
rNeg     . . .     Faith    .   c - +0 robe
rPois    .         Spirit   .   (helmet restricted)
rElec    .         Reflect  .   (no cloak)
rCorr    .         Harm     .   (gloves unavailable)
MR       +....                  (boots unavailable)
Stlth    ++........             (no amulet)
HPRegen  0.10/turn              o - +2 ring of intelligence
MPRegen  0.15/turn              (no ring)

@: very quick
A: very small, unfitting armour, see invisible, herbivore, speed 3, slow
metabolism 2
a: no special abilities


You were on level 8 of the Dungeon.
You were not hungry.

You visited 1 branch of the dungeon, and saw 6 of its levels.

You collected 162 gold pieces.

Inventory:

Hand Weapons
 l - a +1 dagger of venom (weapon)
Missiles
 b - 82 stones (quivered)
Armour
 c - a +0 robe (worn)
Jewellery
 o - a +2 ring of intelligence (left hand)
 p - the amulet of Feczir {Faith rN+, unknown}
   (You found it on level 4 of the Dungeon)

   [amulet of faith]

   It allows you to gain divine favour quickly.
   It protects you from negative energy.
Wands
 n - a wand of polymorph (7)
Scrolls
 e - a scroll of noise {!r, unknown}
 f - 2 scrolls of enchant armour {!r, unknown}
 g - 3 scrolls of remove curse {!r, unknown}
 h - 2 scrolls of immolation {!r, unknown}
 i - 4 scrolls of identify {!r, unknown}
 r - a scroll of fog {!r, unknown}
Potions
 a - 2 potions of magic {!q, unknown}
 j - a potion of agility {!q, unknown}
 k - a potion of ambrosia {!q, unknown}
 m - a potion of degeneration {!q, unknown}
 q - a potion of invisibility {!q, unknown}
Comestibles
 d - 12 rations


   Skills:
 - Level 3.0 Dodging
 - Level 3.0 Stealth
 + Level 6.0 Spellcasting
 - Level 1.3 Transmutations
 * Level 6.4 Earth Magic


You had 6 spell levels left.
You knew the following spells:

 Your Spells              Type           Power        Failure   Level  Hunger
a - Sandblast             Erth           ####..       1%          1    None
b - Passwall              Tmut/Erth      ###.......   3%          2    None
d - Lee's Rapid Deconstr  Erth           ####......   19%         5    #####..
e - Petrify               Tmut/Erth      ###.....     19%         4    ####...


Dungeon Overview and Level Annotations

Branches:
Dungeon (5/15)
 Temple: D:4-7

Altars:
Hepliaklqana


Innate Abilities, Weirdness & Mutations

You are very small and have problems with some larger weapons.
You are too small for most types of armour.
You have supernaturally acute eyesight. (SInv)
You are a herbivore.
You cover ground extremely quickly.
You need to consume almost no food.


Message History

The blast of sand hits the ice beast.
The ice beast is heavily wounded.
b - 47 stones The ice beast barely misses you.
Casting: Sandblast (safe; 1% risk of failure)
Confirm with . or Enter, or press ? or * to list all spells.
Aiming: Sandblast (safe; 1% risk of failure)
Press: ? - help, Shift-Dir - straight line, f/p - ice beast
Aim: an ice beast (heavily wounded)
The blast of sand hits the ice beast.
The ice beast is heavily wounded.
b - 46 stones You found a teleport trap!
Casting: Sandblast (safe; 1% risk of failure)
Confirm with . or Enter, or press ? or * to list all spells.
Aiming: Sandblast (safe; 1% risk of failure)
Press: ? - help, Shift-Dir - straight line, f/p - ice beast
Aim: an ice beast (heavily wounded)
The blast of sand hits the ice beast.
You kill the ice beast!
Your Spellcasting skill increases to level 6!
b - 45 stones
Casting: Sandblast (safe; 1% risk of failure)
Confirm with . or Enter, or press ? or * to list all spells.
You can't see any susceptible monsters within range! (Use Z to cast anyway.)
You see here a hunting sling.
f - 2 scrolls labeled ARPHUNL YTUFAM {!r} (gained 1)
You see here 2 large rocks.
Key pressed, stopping explore.
b - 72 stones (gained 27) Magic restored.
b - 82 stones (gained 10)
You now have 151 gold pieces (gained 5).
r - a scroll labeled XOSYMU NAV VOA {!r} You now have 162 gold pieces (gained 11).
You fall through a shaft for 3 floors!
The shaft crumbles and collapses.
A bullfrog, 3 orcs, an orc warrior and an orc priest come into view.
An orc is wielding a flail of holy wrath.
The orc priest shouts!
The orc warrior shouts!
The orc shouts! x2
You hear a shout!
Found 11 gold pieces, 13 stones and a leatherbound book.
Found an escape hatch in the ceiling.
A scorpion comes into view.
You hear an angry buzzing noise.
A killer bee and an orc come into view.
The bullfrog gives a loud, deep croak!
The killer bee moves out of view.
The orc throws a tomahawk.
The tomahawk closely misses you.
The orc priest calls down the wrath of Beogh upon you.
Beogh smites you!
An orc wizard comes into view. It is wielding a dagger.
You see here a tomahawk.
An orc comes into view. It is wielding a dagger.
The orc throws a tomahawk.
The tomahawk barely misses you.
A wyvern comes into view.
The wyvern hisses angrily.
The wyvern bites you!!
Ouch! That really hurt!
* * * LOW HITPOINT WARNING * * *
A bullfrog and a killer bee come into view.
Okay, then.
The orc hits you with a hand axe.
You die...

####### ###.....####
..........#.# #.........#.#
#######...........#
..................#
####@F.........#
#....ol........#
#.##.........#
#.####.#.###... #.# #.#.#
#... #.# #.#.# #...# #.#
#.#.# . .#####...####.# #.#.#
...
............F.####.#.###.....


You could see a wyvern, a bullfrog and an orc.

Vanquished Creatures
  The ghost of xccam the Insei, an amateur GnMo (D:4)
  An ice beast (D:5)
  2 ogres (D:4)
  A water moccasin skeleton (D:4)
  A crimson imp (D:5)
  A jelly (D:5)
  A hound (D:4)
  A worker ant (D:4)
  An ooze (D:1)
  An adder skeleton (D:4)
  A worm (D:4)
  4 dart slugs (D:1)
  3 orcs
  A ball python (D:4)
  2 giant cockroaches
  4 goblins
  3 hobgoblins (D:1)
  4 jackals (D:4)
  6 kobolds (D:1)
  A ball python skeleton (D:4)
  3 bats (D:1)
  4 frilled lizards (D:1)
  4 rats (D:1)
51 creatures vanquished.

Notes
Turn   | Place    | Note
-------+----------+-------------------------------------------
     0 | D:1      | Amnesiac the Spriggan Earth Elementalist began the quest for the Orb.
     0 | D:1      | Reached XP level 1. HP: 9/9 MP: 5/5
   153 | D:1      | Reached XP level 2. HP: 13/13 MP: 5/7
   371 | D:1      | Reached XP level 3. HP: 15/16 MP: 1/8
  1343 | D:4      | Reached XP level 4. HP: 20/21 MP: 4/10
  1387 | D:5      | Entered Level 5 of the Dungeon
  1463 | D:4      | Found a hazy altar of Hepliaklqana.
  1625 | D:4      | Noticed an ogre
  1626 | D:4      | Reached XP level 5. HP: 24/24 MP: 12/12
  1635 | D:4      | Killed an ogre
  1635 | D:4      | Reached skill level 5 in Earth Magic
  1653 | D:4      | Noticed xccam's ghost (amateur GnMo)
  1675 | D:4      | Killed xccam's ghost
  1675 | D:4      | Reached skill level 5 in Spellcasting
  1675 | D:4      | Reached XP level 6. HP: 28/28 MP: 8/14
  1708 | D:4      | Learned a level 5 spell: Lee's Rapid Deconstruction
  1711 | D:4      | Learned a level 2 spell: Passwall
  1716 | D:4      | Learned a level 4 spell: Petrify
  1890 | D:4      | Got a faintly glowing lead amulet
  1996 | D:5      | Reached XP level 7. HP: 32/32 MP: 13/16
  2143 | D:5      | You fall through a shaft for 3 floors!
  2150 | D:8      | Noticed a wyvern
  2158 | D:8      | HP: 1/32 [wyvern (19)]
  2186 | D:8      | Slain by an orc

Vault maps used:
D:1:      evilmike_arrival_rings, serial_glass, glass_columns_c,
          glass_columns_b, minmay_pentomino_q2
D:3:      gammafunk_wand_slinger
D:4:      kennysheep_little_box
D:5:      first_ration
D:8:      uniq_joseph

Skill      XL: |  1  2  3  4  5  6  7 |
---------------+----------------------+-----
Earth Magic    | 3 4 5 6 |  6.4
Spellcasting   | 3 4 5 6 |  6.0
Dodging        | |  3.0
Stealth        | |  3.0
Transmutations | |  1.3

Action                   |  1- 3 |  4- 6 |  7- 9 || total
-------------------------+-------+-------+-------++-------
Melee: Unarmed           |     4 |       |       ||     4
       Dagger            |       |     4 |       ||     4
Throw: Stone             |     3 |       |       ||     3
 Cast: Sandblast         |    45 |    31 |     6 ||    82
 Stab: Sleeping          |       |     1 |       ||     1
       Distracted        |       |     1 |       ||     1
Dodge: Dodged            |    18 |    12 |     4 ||    34

Table legend:
 A = Spawn XP
 B = Non-spawn XP
 C = Spawn XP percentage of total XP
 D = Spawn monster count
 E = Non-spawn monster count
 F = Spawn count percentage of total count
 G = Total turns spent on level
                    A         B        C        D         E        F      G
               +---------+---------+-------+---------+---------+-------+---------
         Total |       0 |     895 |   0.0 |       0 |      51 |   0.0 |  2186
               +---------+---------+-------+---------+---------+-------+---------
           D:1 |       0 |      57 |   0.0 |       0 |      28 |   0.0 |  1071
           D:2 |       0 |       2 |   0.0 |       0 |       1 |   0.0 |   115
           D:3 |       0 |       5 |   0.0 |       0 |       2 |   0.0 |   169
           D:4 |       0 |     593 |   0.0 |       0 |      16 |   0.0 |   614
           D:5 |       0 |     238 |   0.0 |       0 |       4 |   0.0 |   174
               +---------+---------+-------+---------+---------+-------+---------
